 Dungeon Crawl Stone Soup version 0.30-a0-125-g51eefa89be (webtiles) character file.

Game seed: 5814852062233442201

26878 ragingrage the Arsonist (level 13, 0/108 HPs)
             Began as a Demonspawn Cinder Acolyte on Sept 18, 2022.
             Was a High Priest of Ignis.
             Slain by an orc high priest
             ... wielding a +0 scimitar
              (9 damage)
             ... on level 2 of the Orcish Mines.
             The game lasted 00:40:25 (23776 turns).

ragingrage the Arsonist (DsCA)                     Turns: 23776, Time: 00:40:25

Health: 0/108      AC: 17    Str: 21    XL:     13   Next: 1%
Magic:  3/20       EV: 11    Int: 18    God:    Ignis [*****.]
Gold:   1076       SH:  7    Dex: 12    Spells: 14/22 levels left

rFire   + + .      SeeInvis .    b - +6 short sword "Ymeidoca" {protect, *Slow rPois Str+3}
rCold   . . .      Faith    .    u - +0 kite shield
rNeg    . . .      Spirit   .    e - +1 troll leather armour
rPois   +          Reflect  .    G - +0 hat
rElec   +          Harm     .    (no cloak)
rCorr   .          Rampage  .    d - +0 pair of gloves
Will    +....                    (no boots)
Stlth   ++++......               Z - amulet of regeneration
HPRegen 1.88/turn                g - ring of Absolutism {rElec rPois rF+ Will+ Dex-2}
MPRegen 0.17/turn                Y - +6 ring of dexterity

@: mighty, spiked, under a protective aura, slowed, studying Armour, very slow
A: hooves 1, rugged brown scales 2, condensation shield, demonic magic 2, wild
magic 1
a: Renounce Religion, Fiery Armour, Foxfire Swarm, Rising Flame


You were on level 2 of the Orcish Mines.
You worshipped Ignis.
Ignis was extremely pleased with you.
You visited 3 branches of the dungeon, and saw 16 of its levels.
You also visited: Bailey.

You collected 1480 gold pieces.
You spent 404 gold pieces at shops.

Inventory:

Hand Weapons
 a - a +1 dagger of venom
 b - the +6 short sword "Ymeidoca" (weapon) {protect, *Slow rPois Str+3}
   (You found it on level 3 of the Dungeon)

   It grants its wielder temporary protection when it strikes (+7 to AC).
   Str:       It affects your strength (+3).
   rPois:     It protects you from poison.
   *Slow:     It may slow you when you take damage.
 c - a +0 spear of flaming
 x - a +1 hand axe of flaming
 D - a +5 short sword
 E - the +4 long sword of Dawn {freeze, rF- rC+ Stlth+}
   (You found it on level 6 of the Dungeon)

   It freezes those it strikes, dealing additional cold damage.
   It can also slow down cold-blooded creatures.
   rF:        It makes you vulnerable to fire.
   rC:        It protects you from cold.
   Stlth:     It makes you more stealthy.
Missiles
 j - 6 throwing nets
 s - 49 poisoned darts (quivered)
Armour
 d - a +0 pair of gloves (worn)
 e - a +1 troll leather armour (worn)
 u - a +0 kite shield (worn)
 G - a +0 hat (worn)
 P - +0 acid dragon scales
Jewellery
 g - the ring of Absolutism (left hand) {rElec rPois rF+ Will+ Dex-2}
   (You acquired it on level 3 of the Dungeon)

   [ring of protection from fire]

   Dex:       It affects your dexterity (-2).
   rF:        It protects you from fire.
   rElec:     It insulates you from electricity.
   rPois:     It protects you from poison.
   Will:      It increases your willpower.
 q - a ring of magical power
 z - a +4 ring of evasion
 K - a ring of see invisible
 W - a ring of wizardry
 Y - a +6 ring of dexterity (right hand)
 Z - an amulet of regeneration (around neck)
Wands
 f - a wand of acid (1)
 C - a wand of charming (6)
 X - a wand of polymorph (1)
Scrolls
 k - a scroll of torment
 l - 9 scrolls of teleportation
 m - 3 scrolls of magic mapping
 n - 2 scrolls of blinking
 o - a scroll of immolation
 p - 5 scrolls of butterflies
 r - 7 scrolls of identify
 y - 2 scrolls of amnesia
 H - 4 scrolls of enchant armour
 O - a scroll of poison
 S - 2 scrolls of brand weapon
 U - a scroll of fear
 V - a scroll of enchant weapon
Potions
 t - 2 potions of curing
 v - a potion of flight
 w - 2 potions of lignification
 A - a potion of invisibility
 B - a potion of berserk rage
 F - a potion of ambrosia
 J - a potion of attraction
 L - 2 potions of resistance
 M - 2 potions of degeneration
 N - a potion of mutation
 Q - a potion of haste
 R - a potion of cancellation
 T - a potion of heal wounds
Miscellaneous
 I - a box of beasts (inert)


   Skills:
 - Level 10.0 Fighting
 - Level 4.3 Short Blades
 - Level 4.7 Polearms
 - Level 11.0 Armour
 - Level 4.0 Dodging
 * Level 8.9 Stealth
 + Level 2.0 Shields
 + Level 5.2 Spellcasting
 + Level 3.1 Conjurations
 + Level 3.2 Translocations
 - Level 11.0 Fire Magic


You had 14 spell levels left.
You knew the following spells:

 Your Spells              Type           Power      Damage    Failure   Level
a - Scorch                Fire           100%       2d10      1%          2
b - Blink                 Tloc           42%        N/A       26%         2
c - Flame Wave            Conj/Fire      39%        2d11      34%         4

Your spell library contained the following spells:

 Spells                   Type           Power      Damage    Failure   Level
 Foxfire                  Conj/Fire      100%       2x1d9     4%          1
 Inner Flame              Hex/Fire       31%        N/A       22%         3
 Kindle Blastsparks       Fire/Tloc/Air  56%        2d14      28%         3
 Lesser Beckoning         Tloc           21%        N/A       45%         3
 Manifold Assault         Tloc           21%        N/A       83%         4
 Alistair's Intoxication  Tmut/Pois      4%         N/A       100%        5
 Borgnjor's Vile Clutch   Necr/Erth      3%         N/A       100%        5
 Eringya's Noxious Bog    Tmut/Pois      3%         N/A       100%        6


Dungeon Overview and Level Annotations

Branches:
Dungeon (13/15)            Temple (1/1) D:6            Lair (0/5) D:10
    Orc (2/2) D:12            Elf (0/3) Orc:2        Vaults (0/5) D:13
 Bailey (visited)

Altars:
Ashenzari
Cheibriados
Dithmenos
Gozag
Hepliaklqana
Kikubaaqudgha
Makhleb
Nemelex Xobeh
Okawaru
Qazlal
Ru
Sif Muna
Trog
Uskayaw
Vehumet
Wu Jian
Yredelemnul

Shops:
D:4 =(*(   D:6 *   D:12 (   Orc:2 *

Annotations:
D:7 3 runed translucent doors, robertstho's ghost, novice TrBe
D:9 2 transporters


Innate Abilities, Weirdness & Mutations

You have large cloven feet.
You are mostly covered in rugged brown scales. (AC +2, +5% HP)
A meltable shield of frost defends you. (SH +0)
Spells you cast may paralyse nearby enemies.
Your spells are a little harder to cast, but a little more powerful.


Message History

Aiming: Polymorph
Press: ? - help, Shift-Dir - straight line, f/p - orc high priest
Aim: an orc high priest, wielding a +0 scimitar and wearing a +0 ring mail (heavily wounded, more vulnerable to fire, will become a steelbarb worm, a two-headed ogre, or a merfolk, chance to affect: 17%)
The orc high priest resists with almost no effort.
The red devil hits you but does no damage.
The orc high priest barely misses you. The sun demon closely misses you.
The soul eater barely misses you.
You feel very mighty all of a sudden. The red devil barely misses you.
The orc high priest completely misses you.
You block the sun demon's attack.
The soul eater hits you but does no damage.
You puncture the orc high priest!
Your weapon exudes an aura of protection.
You kick the orc high priest.
The orc high priest is severely wounded.
You block the red devil's attack. You block the sun demon's attack.
You block the orc high priest's attack. The soul eater hits you!
You feel yourself slow down.
You closely miss the orc high priest.
The orc high priest is severely wounded.
The sun demon closely misses you.
The red devil hits you but does no damage.
You block the orc high priest's attack. The sun demon hits you!!
You are engulfed in flames.
You resist.
The soul eater hits you but does no damage.
The red devil hits you from afar with a +0 trident.
Barbed spikes become lodged in your body.
The orc high priest mumbles some strange prayers to Beogh against you.
Beogh smites you!
* * * LOW HITPOINT WARNING * * *
You hit the orc high priest. Your kick misses the orc high priest.
The orc high priest is almost dead.
The orc high priest is no longer more vulnerable to fire.
The sun demon closely misses you.
The soul eater draws from the surrounding life force!
* * * LOW HITPOINT WARNING * * *
You block the red devil's attack.
The orc high priest hits you with a +0 scimitar!
You die...

#≈≈~###### #....∩...
##≈~~#♣... .......
#~~....... ......
##........ .....
##.##.... #...# ##.##...
#.4.## ########.. ...#
#o33## ###..######'
....##.@..# #.'..#...##)
.....##.))###.#..#...##.
#.....#....##.#####)###.
#.....##...##...........
#.....#...#####.)..##'#
#.....##..##..#....#[.)
#......#...#..'....#...
.##.........#..####.####
..##........####........


You could see a soul eater (summoned), an orc high priest, a sun demon
(summoned) and a red devil (summoned).

Vanquished Creatures
  An orc warlord (Orc:2)
  A boulder beetle (D:11)
  A centaur warrior (D:10)
  6 two-headed ogres
  Nergalle (D:10)
  Amaemon (D:9)
  An orc knight (Orc:1)
  2 deep elf pyromancers (D:12)
  An ugly thing (D:12)
  2 orc sorcerers (Orc:2)
  3 cyclopes
  A gargoyle (D:12)
  Joseph (D:7)
  3 unseen horrors
  A kobold demonologist (D:11)
  An orange demon (D:9)
  6 trolls
  2 hornets
  A shadow (D:10)
  2 vampires (D:12)
  2 wyverns
  2 wraiths
  3 yaks (D:11)
  6 vampire mosquitoes
  2 steam dragons
  A warg (Orc:2)
  An acid dragon (D:11)
  3 ice beasts
  33 orc warriors
  4 sky beasts
  A black bear (D:6)
  13 ogres
  7 wolves (Bailey)
  7 centaurs
  5 bullfrogs
  11 gnoll sergeants
  4 kobold brigands
  2 necrophages (D:5)
  A scorpion (D:6)
  6 wights
  11 killer bees
  3 vampire bats (D:3)
  A howler monkey (D:7)
  A jelly (D:6)
  6 hounds
  19 orc priests
  7 gnoll boudas (Bailey)
  2 iguanas
  25 orc wizards
  24 gnolls
  5 adders
  3 shadow imps (D:7)
  2 white imps
  An ufetubus (D:6)
  5 worms
  3 dart slugs
  104 orcs
  6 bats
  2 bat skeletons (D:3)
  4 bat zombies (D:3)
  2 endoplasms
  3 giant cockroaches
  5 hobgoblins
  8 jackals
  25 kobolds
  3 quokkas
  7 ball pythons
  3 frilled lizards
  9 goblins
  4 rats
455 creatures vanquished.

Vanquished Creatures (others)
  A troll (Orc:2)
  An orc warrior (Orc:2)
  4 demonic plants (D:7)
6 creatures vanquished.

Grand Total: 461 creatures vanquished

Notes
Turn   | Place    | Note
-------+----------+-------------------------------------------
     0 | D:1      | ragingrage the Demonspawn Cinder Acolyte began the quest
                  | for the Orb.
     0 | D:1      | Reached XP level 1. HP: 18/18 MP: 2/2
   224 | D:1      | Gained mutation: You are partially covered in rugged brown
                  | scales. (AC +1, +3% HP) [demonic ancestry]
   224 | D:1      | Reached XP level 2. HP: 2/24 MP: 3/3
   534 | D:1      | Learned a level 2 spell: Scorch
   835 | D:1      | Found a faded altar of an unknown god.
  1345 | D:2      | Gained mutation: Spells you cast may paralyse adjacent
                  | enemies. [demonic ancestry]
  1345 | D:2      | Reached XP level 3. HP: 27/29 MP: 4/4
  2433 | D:3      | Identified the +6 short sword "Ymeidoca" {protect, *Slow
                  | rPois Str+3}
  2596 | D:3      | Reached XP level 4. HP: 30/36 MP: 0/5
  2705 | D:3      | Reached XP level 5. HP: 42/42 MP: 6/6
  2765 | D:3      | Found an ancient bone altar of Kikubaaqudgha.
  3209 | D:3      | Identified a scroll of acquirement
  3209 | D:3      | Acquired the ring of Absolutism {rElec rPois rF+ Will+
                  | Dex-2}
  3245 | D:3      | Gained mutation: You are mostly covered in rugged brown
                  | scales. (AC +2, +5% HP) [demonic ancestry]
  3245 | D:3      | Reached XP level 6. HP: 42/49 MP: 1/7
  3266 | D:3      | Found an ornate altar of the Wu Jian Council.
  3728 | D:4      | Found Dydduyr's Assorted Antiques.
  3730 | D:4      | Found Aheul's Weapon Emporium.
  3730 | D:4      | Found Uqaosyem's Jewellery Emporium.
  3821 | D:4      | Reached skill level 5 in Fire Magic
  3884 | D:4      | Found Qufeony's Antique Weapon Emporium.
  3923 | D:4      | Bought a scroll labelled CANTYOJU BUMI for 26 gold pieces
  3923 | D:4      | Bought a scroll of teleportation for 78 gold pieces
  4348 | D:4      | Noticed a wyvern
  4359 | D:4      | Killed a wyvern
  4360 | D:4      | Gained mutation: You have large cloven feet. [demonic
                  | ancestry]
  4360 | D:4      | Reached XP level 7. HP: 35/54 MP: 4/8
  4768 | D:5      | Entered Level 5 of the Dungeon
  5217 | D:5      | Found a stormy altar of Qazlal.
  5525 | D:5      | Reached skill level 5 in Armour
  5525 | D:5      | Gained mutation: Spells you cast may paralyse nearby
                  | enemies. [demonic ancestry]
  5525 | D:5      | Reached XP level 8. HP: 55/60 MP: 2/9
  5599 | D:5      | Found a basalt altar of Yredelemnul.
  6264 | D:6      | Reached skill level 1 in Dodging
  6361 | D:6      | Found Kikluef's General Store.
  6940 | D:6      | Found a staircase to the Ecumenical Temple.
  7577 | D:6      | Identified the +4 long sword of Dawn {freeze, rF- rC+
                  | Stlth+}
  7674 | D:6      | Reached XP level 9. HP: 69/69 MP: 1/10
  8215 | Temple   | Entered the Ecumenical Temple
  8259 | D:7      | Found a runed translucent gate.
  8261 | D:7      | Found a runed translucent gate.
  8261 | D:7      | Found a runed translucent gate.
  8263 | D:7      | Noticed a spectral unseen horror
  8378 | D:7      | Noticed Joseph
  8408 | D:7      | Gained mutation: Your spells are a little harder to cast,
                  | but a little more powerful. [potion of mutation]
  8416 | D:7      | Killed Joseph
  8417 | D:7      | Reached skill level 5 in Fighting
  8467 | D:7      | Found a flagged portal.
  8592 | Bailey   | Entered a bailey
  8891 | Bailey   | Reached skill level 1 in Short Blades
  9873 | Bailey   | Reached XP level 10. HP: 79/79 MP: 3/11
 10591 | D:7      | Found a sacrificial altar of Ru.
 10958 | D:7      | Noticed robertstho's ghost (novice TrBe)
 11103 | D:8      | Noticed a two-headed ogre
 11226 | D:8      | Killed a two-headed ogre
 11498 | D:8      | Reached skill level 1 in Stealth
 12778 | D:9      | Noticed Amaemon
 12779 | D:9      | Noticed an orange demon
 12846 | D:8      | Upgraded the game from 0.30-a0-123-g91d0c66ccf to
                  | 0.30-a0-125-g51eefa89be
 13052 | D:9      | Found a transporter.
 13062 | D:9      | Found a transporter.
 13068 | D:9      | Found a transporter.
 13173 | D:9      | Found a transporter.
 13384 | D:9      | Killed an orange demon
 13799 | D:9      | Found a transporter.
 13822 | D:9      | Found a transporter.
 13840 | D:9      | Found a transporter.
 13886 | D:9      | Killed Amaemon
 13887 | D:9      | Reached skill level 10 in Fire Magic
 14145 | D:10     | Entered Level 10 of the Dungeon
 14147 | D:10     | Noticed a centaur warrior
 14280 | D:10     | Noticed Nergalle
 14306 | D:10     | Killed Nergalle
 14307 | D:10     | Gained mutation: A meltable shield of frost defends you.
                  | (SH +0) [demonic ancestry]
 14307 | D:10     | Reached XP level 11. HP: 46/90 MP: 5/12
 14312 | D:10     | Killed a centaur warrior
 14794 | D:10     | Found a staircase to the Lair.
 14929 | D:10     | Found an opulent altar of Gozag.
 15248 | D:11     | Noticed a boulder beetle
 15428 | D:11     | Killed a boulder beetle
 15429 | D:11     | Reached skill level 5 in Stealth
 15518 | D:11     | Noticed a two-headed ogre
 16158 | D:11     | Killed a two-headed ogre
 16728 | D:12     | Noticed a deep elf pyromancer
 16927 | D:12     | Killed a deep elf pyromancer
 17252 | D:12     | Noticed a two-headed ogre
 17261 | D:12     | Killed a two-headed ogre
 17429 | D:12     | Reached XP level 12. HP: 100/100 MP: 8/16
 17512 | D:12     | Found a radiant altar of Vehumet.
 17703 | D:12     | Reached skill level 10 in Armour
 18055 | D:4      | Bought an amulet of regeneration for 300 gold pieces
 18447 | D:12     | Found Gysaenus's Antique Weapon Shoppe.
 18729 | D:12     | Found a staircase to the Orcish Mines.
 18779 | D:12     | Reached skill level 10 in Fighting
 18957 | D:13     | Found a gate to the Vaults.
 18957 | D:13     | Noticed a vault guard
 18957 | D:13     | Noticed a vault guard
 18957 | D:13     | Noticed a vault guard
 18957 | D:13     | Noticed a vault guard
 18957 | D:13     | Noticed a vault guard
 19030 | Orc:1    | Entered Level 1 of the Orcish Mines
 19643 | Orc:1    | Learned a level 2 spell: Blink
 19648 | Orc:1    | Learned a level 4 spell: Flame Wave
 19769 | Orc:2    | Entered Level 2 of the Orcish Mines
 20297 | Orc:2    | Noticed a two-headed ogre
 20313 | Orc:2    | Killed a two-headed ogre
 20314 | Orc:2    | Reached skill level 1 in Translocations
 20589 | Orc:1    | Reached skill level 1 in Conjurations
 20956 | Orc:2    | Noticed a two-headed ogre
 21136 | Orc:1    | Killed a two-headed ogre
 21988 | Orc:2    | Found a staircase to the Elven Halls.
 22081 | Orc:2    | Reached skill level 1 in Shields
 22505 | Orc:2    | Reached skill level 5 in Spellcasting
 22593 | Orc:2    | Noticed a two-headed ogre
 22598 | Orc:2    | Killed a two-headed ogre
 23011 | Orc:2    | Noticed an orc warlord
 23043 | Orc:2    | Killed an orc warlord
 23491 | Orc:2    | Reached XP level 13. HP: 108/108 MP: 9/20
 23764 | Orc:2    | Found Rearam's Assorted Antiques.
 23776 | Orc:2    | Slain by an orc high priest

Illustrated notes

Levels and vault maps discovered:
D:1:      lightli_arrival_boilingwater, layout_loops_cross,
          ebering_ecumenical_altar_abandoned, chequers_serial_rivers_room_b
D:2:      layout_basic, basic_altar
D:3:      layout_basic, kennysheep_vampire_church, mainiacjoe_overflow_brackets
D:4:      layout_loops_ring, minmay_shop_grid_forest, minmay_manual_moon
D:5:      layout_loops_corners, mainiacjoe_overflow_tiny_flanked,
          kennysheep_little_box
D:6:      layout_rooms, minmay_temple_entry_glass, serial_shops, shop
D:7:      layout_loops_cross, nicolae_overflow_hidden_temple, enter_bailey_3,
          serial_demonic, serial_demonic_e, serial_demonic_a, serial_demonic_b,
          serial_demonic_b, gammafunk_ghost_necromancy,
          hangedman_abyss_or_decor_passed, uniq_joseph
D:8:      layout_basic
D:9:      layout_roguey, nicolae_transporter_intersection, uniq_amaemon
D:10:     layout_small_grid, amcnicky_altar_gilded, lair_entry_dummy,
          uniq_nergalle
D:11:     layout_roguey
D:12:     layout_stronghold, orc_0_dummy, serial_shops, shop, vehumet_crystals
D:13:     layout_cave_pools, erik_vaults_2, uniq_snorg
Temple:   nicolae_temple_x_marks_the_god
Orc:1:    layout_diamond_mine
Orc:2:    pubby_orc_utopia

Skill      XL: |  1  2  3  4  5  6  7  8  9 10 11 12 |
---------------+-------------------------------------+-----
Polearms       | 3 4 |  4.7
Fire Magic     | 3 4 6 7 8 10 11 | 11.0
Armour         | 5 7 9 11 | 11.0
Dodging        | 2 4 |  4.0
Fighting       | 4 6 8 9 10 | 10.0
Short Blades   | 2 4 |  4.3
Stealth        | 3 6 8 |  8.9
Spellcasting   | 3 5 |  5.2
Translocations | 3 |  3.2
Conjurations   | 3 |  3.1
Shields        | 2 |  2.0

Action                   |  1- 3 |  4- 6 |  7- 9 | 10-12 | 13-15 || total
-------------------------+-------+-------+-------+-------+-------++-------
Melee: Spear             |   106 |       |       |       |       ||   106
       Short sword       |     9 |   121 |   289 |   269 |    12 ||   700
       Punch             |       |     1 |     3 |     4 |       ||     8
       Kick              |       |       |   107 |   152 |     1 ||   260
       Dagger            |       |       |    12 |   204 |       ||   216
Throw: Dart              |       |       |     1 |    17 |       ||    18
 Cast: Scorch            |    16 |    41 |   167 |   372 |    18 ||   614
       Flame Wave        |       |       |       |     1 |       ||     1
Invok: Fiery Armour      |     1 |       |       |       |       ||     1
Evoke: Wand              |       |       |       |     7 |     3 ||    10
       Box of beasts     |       |       |       |     1 |       ||     1
  Use: Scroll            |     3 |     2 |     1 |    17 |       ||    23
       Potion            |       |     1 |     6 |     1 |     1 ||     9
 Stab: Sleeping          |     1 |       |       |     3 |       ||     4
       Paralysed         |       |    21 |    66 |   143 |     2 ||   232
       Distracted        |       |       |       |     1 |       ||     1
Armor: Robe              |    25 |       |       |       |       ||    25
       Troll leather arm |    17 |    65 |   114 |   165 |    11 ||   372
       Skin              |       |       |     3 |       |       ||     3
Dodge: Dodged            |    70 |    94 |   264 |   390 |    11 ||   829
Block: Other             |       |       |       |    40 |       ||    40
       Kite shield       |       |       |       |    29 |    13 ||    42

Table legend: (Time is in decaauts)
 A = Elapsed time spent in this place.
 B = Non-inter-level travel time spent in this place.
 C = Inter-level travel time spent in this place.
 D = Time resting spent in this place.
 E = Time spent auto-exploring this place.
 F = Levels seen in this place.
 G = Mean time per level.
                   A        B        C        D        E       F      G
               +--------+--------+--------+--------+--------+-----+--------+
         Total |  23717 |  22058 |   1659 |   7812 |   9706 |  17 | 1395.1 |
       Dungeon |  17121 |  15527 |   1594 |   4553 |   8057 |  13 | 1317.0 |
        Temple |      1 |      1 |      0 |      0 |      0 |   1 |    1.0 |
  Orcish Mines |   4723 |   4659 |     64 |   2285 |   1360 |   2 | 2361.5 |
        Bailey |   1871 |   1871 |      0 |    974 |    289 |   1 | 1871.0 |
               +--------+--------+--------+--------+--------+-----+--------+

Top non-repeatable levels by time:
   Orc:2: 3682 daAuts
     D:5: 2493 daAuts
  Bailey: 1871 daAuts
    D:12: 1805 daAuts
     D:9: 1679 daAuts
     D:8: 1483 daAuts
    D:11: 1462 daAuts
     D:3: 1412 daAuts
     D:1: 1260 daAuts
    D:10: 1215 daAuts
     D:6: 1116 daAuts
     D:2: 1108 daAuts
     D:4: 1044 daAuts
   Orc:1: 1040 daAuts
     D:7: 971 daAuts
